 Dungeon Crawl Stone Soup version 0.14.0-18-g0341e45 (webtiles) character file.

1178 Infinimo the Basher (level 8, -1/83 HPs)
             Began as an Ogre Fighter on Apr 20, 2014.
             Was an Initiate of Okawaru.
             Slain by a killer bee (10 damage)
             ... on Level 6 of the Dungeon.
             The game lasted 00:11:47 (6246 turns).

Infinimo the Basher (Ogre Fighter)                  Turns: 6246, Time: 00:11:47

HP  -1/83        AC  4     Str 27      XL: 8   Next:  2%
MP   8/8         EV 10     Int  9      God: Okawaru [......]
Gold 320         SH  0     Dex  9      Spells:  0 memorised,  7 levels left

rFire  + . .     SeeInvis +     x - +0 giant club
rCold  . . .     Clarity  .     b - +0 robe
rNeg   . . .     Conserve .     (shield restricted)
rPois  .         rCorr    .     (helmet restricted)
rElec  .         rRot     .     a - +0 cloak (curse)
SustAb . .       Spirit   .     (gloves unavailable)
rMut   .         Warding  .     (boots unavailable)
Saprov + . .     Stasis   .     (no amulet)
MR     .....                    s - ring of protection from fire
                                n - ring of see invisible

@: mighty, lethally poisoned, not resistant to hostile enchantments, very
unstealthy
A: unfitting armour, fast metabolism 1, saprovore 1, tough skin 1
a: Renounce Religion


You were on level 6 of the Dungeon.
You worshipped Okawaru.
Okawaru was noncommittal.
You were near starving.

You visited 2 branches of the dungeon, and saw 8 of its levels.

You collected 320 gold pieces.

Inventory:

Hand weapons
 x - a +0,+0 giant club (weapon)
Armour
 a - a cursed +0 cloak (worn)
 b - a +0 robe (worn)
 l - a +1 cloak
Magical devices
 c - a wand of frost (8) {unknown}
Comestibles
 d - 4 meat rations
 g - 5 bread rations
 q - 2 pears
 w - a royal jelly
 A - 15 grapes
 B - 4 sultanas
Scrolls
 r - a scroll of fear
 t - 5 scrolls of fog
Jewellery
 f - a +4 ring of intelligence {unknown}
 j - an uncursed amulet of stasis
 n - a ring of see invisible (left hand)
 s - a ring of protection from fire (right hand)
Potions
 h - a potion of degeneration {unknown}
 i - a potion of confusion {unknown}
 k - 2 potions of lignification
 m - 4 potions of curing
 o - a potion of heal wounds
 p - 2 potions of restore abilities {unknown}
 u - a potion of poison {unknown}


   Skills:
 + Level 6.2 Fighting
 * Level 10.6 Maces & Flails
 - Level 2.6 Dodging
   Level 2.6 Shields


You had 7 spell levels left.
You didn't know any spells.

Dungeon Overview and Level Annotations

Branches:
Dungeon (7/15)             Temple (1/1) D:6

Altars:
Ashenzari
Cheibriados
Dithmenos
Elyvilon
Makhleb
Okawaru
Sif Muna
Trog
Vehumet
Xom
Yredelemnul

Shops:
D:6 }


Innate Abilities, Weirdness & Mutations

You are too large for most types of armour.
You have a fast metabolism.
You can tolerate rotten meat.
You have tough skin (AC +1).


Message History

Drink which item? (? for menu, Esc to quit)
You feel much better.
You feel sick. The killer bee stings you.
* * * LOW HITPOINT WARNING * * *
Drink which item? (? for menu, Esc to quit)
You feel very mighty all of a sudden.
You feel sick. The killer bee stings you!
* * * LOW HITPOINT WARNING * * *
Drink which item? (? for menu, Esc to quit)
You feel better. The killer bee stings you.
* * * LOW HITPOINT WARNING * * *
You are poisoned.
The killer bee poisons you!
The killer bee is almost dead.
You feel sick. The killer bee stings you.
* * * LOW HITPOINT WARNING * * *
The killer bee stings you.
* * * LOW HITPOINT WARNING * * *
The killer bee is almost dead.
The killer bee stings you!
You die...

#.#### #.....#####....
#.≈≈≈###.....#####..##
##≈≈≈≈≈##.....##.....#
#...∩≈≈######.##.##..##
#.≈≈≈≈≈# #.##.##....
#..≈≈≈#######.......###
##.#####.......#.######
#.#####.......#.#.....
#..>.@kk..>...#.#.#...
#######.........#.#.#.
#........###.#...
##.......# #.#...
#.>.....# #.#...
##..<...# #.....
######## ###... ##.#
#..


You could see 2 killer bees.

Vanquished Creatures
  A necrophage (D:6)
  A phantom (D:6)
  An ogre (D:5)
  2 scorpions
  A crimson imp (D:4)
  An iguana (D:5)
  4 worker ants
  An orc wizard (D:2)
  Ijyb (D:2)
  Terence (D:3)
  A hound skeleton (D:6)
  6 adders
  7 gnolls
  A giant mite (D:5)
  A goliath beetle zombie (D:6)
  2 worms
  A giant eyeball (D:4)
  3 giant geckos
  7 orcs (D:3)
  13 bats
  A bat zombie (D:5)
  8 giant cockroaches
  14 hobgoblins
  11 kobolds
  3 quokkas
  2 ball pythons
  A giant gecko skeleton (D:4)
  11 giant newts
  6 goblins
  A hobgoblin skeleton (D:6)
  12 jackals
  A quokka skeleton (D:6)
  10 rats
137 creatures vanquished.

Vanquished Creatures (others)
  A hound (D:5)
  A jelly (D:5)
  A hound zombie (D:5)
  A hound skeleton (D:5)
  An adder (D:5)
  A bat (D:5)
  A rat zombie (D:5)
7 creatures vanquished.

Grand Total: 144 creatures vanquished

Notes
Turn   | Place    | Note
--------------------------------------------------------------
     0 | D:1      | Infinimo, the Ogre Fighter, began the quest for the Orb.
     0 | D:1      | Reached XP level 1. HP: 24/24 MP: 1/1
   213 | D:1      | Reached XP level 2. HP: 26/32 MP: 2/2
   487 | D:1      | Reached XP level 3. HP: 39/39 MP: 3/3
  1121 | D:2      | Reached skill level 5 in Maces & Flails
  1177 | D:2      | Noticed Ijyb
  1744 | D:2      | Reached XP level 4. HP: 36/48 MP: 4/4
  2209 | D:2      | Killed Ijyb
  2209 | D:2      | Reached skill level 6 in Maces & Flails
  2585 | D:3      | Reached XP level 5. HP: 51/54 MP: 5/5
  2859 | D:2      | Reached skill level 7 in Maces & Flails
  3102 | D:3      | Found a snail-covered altar of Cheibriados.
  3373 | D:3      | Noticed Terence
  3382 | D:3      | Killed Terence
  3546 | D:3      | Reached skill level 8 in Maces & Flails
  3546 | D:3      | Reached XP level 6. HP: 36/62 MP: 6/6
  3909 | D:4      | Paralysed by a giant eyeball for 2 turns
  3913 | D:4      | Paralysed by a giant eyeball for 3 turns
  4244 | D:5      | Entered Level 5 of the Dungeon
  4513 | D:5      | Reached skill level 5 in Fighting
  4513 | D:5      | Reached skill level 9 in Maces & Flails
  4513 | D:5      | Reached XP level 7. HP: 52/72 MP: 7/7
  4839 | D:5      | Found a radiant altar of Vehumet.
  5206 | D:6      | Found Ochanumo's Gadget Shoppe.
  5331 | D:6      | Found a staircase to the Ecumenical Temple.
  5356 | Temple   | Entered the Ecumenical Temple
  5362 | Temple   | Became a worshipper of Warmaster Okawaru
  5774 | D:6      | Found a burning altar of Makhleb.
  5780 | D:6      | Reached skill level 10 in Maces & Flails
  5884 | D:6      | Reached XP level 8. HP: 14/83 MP: 8/8
  6241 | D:6      | HP: 2/83 [killer bee (4)]
  6246 | D:6      | Slain by a killer bee

Action                   |  1- 3 |  4- 6 |  7- 9 || total
-------------------------+-------+-------+-------++-------
Melee: Flail             |   152 |   260 |     2 ||   414
       Giant club        |       |       |    96 ||    96
  Use: Scroll            |     4 |     6 |     5 ||    15
       Potion            |       |       |     7 ||     7
